 Dungeon Sprint DCSS version 0.24.0-13-gcf9b319 (webtiles) character file.

Game seed: 13988321852178545330, levelgen mode: deterministic

63604 Fang the Warrior (level 15, -1/186 HPs)
             Began as a Gargoyle Berserker on Nov 18, 2019.
             Was the Champion of Trog.
             Slain by a spriggan berserker
             ... wielding a +0 war axe
              (7 damage)
             ... in the Dungeon (Sprint V: "Ziggurat Sprint").
             The game lasted 00:05:28 (1565 turns).

Fang the Warrior (Gargoyle Berserker)               Turns: 1565, Time: 00:05:29

Health: -1/186     AC: 50    Str: 40    XL:     15   Next: 10%
Magic:  6/15       EV: 11    Int:  9    God:    Trog [******]
Gold:   0          SH: 34    Dex: 11    Spells: 14/14 levels left

rFire    . . .     SeeInvis +   a - +5 broad axe (freeze)
rCold    + . .     Gourm    .   E - +18 shield of the Gong {rElec rN+ MR+ EV-5}
rNeg     + + .     Faith    .   b - +15 Maxwell's patent armour {-Cast -Tele rElec MR+ rCorr}
rPois    ∞         Spirit   .   F - +1 hat {SInv}
rElec    +         Reflect  .   (no cloak)
rCorr    +         Harm     .   P - +3 pair of gauntlets of War {Slay+5}
MR       +++++     NoTele   +   (no boots) Stlth ..........NoCast +
                                z - amulet of Vitality {Regen+ HP+15}
HPRegen  1.81/turn              D - +6 ring of strength
MPRegen  0.14/turn              I - ring "Ceodofan" {rC+ Str+3 Dex+2}

@: berserking (expiring), flying, regenerating, studying 2 skills, very quick
A: big wings, negative energy resistance 1, electricity resistance, unbreathing,
petrification resistance, rot immunity, AC +11
a: Stop Flying, Berserk, Trog's Hand, Brothers in Arms, Renounce Religion


You were in the Dungeon.
You worshipped Trog.
Trog was exalted by your worship.
You were near starving.

You visited 1 branch

Inventory:

Hand Weapons
 a - a +5 broad axe of freezing (weapon)
 x - the +9 war axe of the Puffin {chop, rN++ Dex+2}
   (You found it in the Dungeon)

   It inflicts extra damage upon your enemies.
   It affects your dexterity (+2).
   It greatly protects you from negative energy.
 K - a +5 broad axe of electrocution
 L - a +3 vampiric war axe
Armour
 b - the +15 Maxwell's patent armour (worn) {-Cast -Tele rElec MR+ rCorr}
   (You found it in the Dungeon)

   It insulates you from electricity.
   It affects your resistance to hostile enchantments.
   It prevents spellcasting.
   It prevents most forms of teleportation.
   It provides partial protection from all sources of acid and corrosion.
 E - the +18 shield of the Gong (worn) {rElec rN+ MR+ EV-5}
   (You found it in the Dungeon)

   It affects your evasion (-5).
   It insulates you from electricity.
   It protects you from negative energy.
   It affects your resistance to hostile enchantments.
 F - a +1 hat of see invisible (worn)
 P - the +3 pair of gauntlets of War (worn) {Slay+5}
   (You found it in the Dungeon)

   It affects your accuracy and damage with ranged weapons and melee attacks
   (+5).
Jewellery
 g - the amulet "Siobb" {Reflect Fragile rElec rC+ rN+ Slay+2 SH+3}
   (You found it in the Dungeon)

   [amulet of reflection]

   It shields you and reflects attacks.
   It affects your accuracy and damage with ranged weapons and melee attacks
   (+2).
   It protects you from cold.
   It insulates you from electricity.
   It protects you from negative energy.
   It will be destroyed if unequipped.
   It affects your SH (+3).
 o - a +2 ring of evasion
 y - an uncursed ring of see invisible
 z - the amulet of Vitality (around neck) {Regen+ HP+15}
   (You found it in the Dungeon)

   [amulet of regeneration]

   It affects your health (+15).
   It increases your rate of regeneration.
 B - an uncursed amulet of the acrobat
 C - the ring of Amorality {Wiz rC- rN++ Int+4 SInv}
   (You found it in the Dungeon)

   [ring of wizardry]

   It improves your spell success rate.
   It affects your intelligence (+4).
   It makes you vulnerable to cold.
   It greatly protects you from negative energy.
   It lets you see invisible.
 D - a +6 ring of strength (left hand)
 H - a +3 ring of protection
 I - the ring "Ceodofan" (right hand) {rC+ Str+3 Dex+2}
   (You found it in the Dungeon)

   [ring of dexterity]

   It affects your strength (+3).
   It affects your dexterity (+2).
   It protects you from cold.
Wands
 u - a wand of disintegration (7)
 v - a wand of iceblast (7)
 w - a wand of acid (7)
Scrolls
 i - 4 scrolls of blinking
 j - 7 scrolls of fog
 k - a scroll of holy word
 l - 5 scrolls of identify
 m - 5 scrolls of remove curse
 n - 2 scrolls of fear
Potions
 d - 10 potions of curing
 e - 10 potions of heal wounds
 f - 6 potions of haste
 h - 3 potions of berserk rage
 p - 2 potions of invisibility
 q - 4 potions of resistance
 s - 5 potions of agility
 t - 6 potions of might
Books
 A - a manual of Unarmed Combat
 O - a manual of Throwing
Comestibles
 c - 7 rations
 r - 15 chunks of flesh


   Skills:
 + Level 18.7 Fighting
 + Level 16.1 Axes
 + Level 18.5 Armour
 + Level 14.8 Dodging
 + Level 17.2 Shields


You had 14 spell levels left.
You didn't know any spells.
Your spell library was empty.

Dungeon Overview and Level Annotations

Branches:
Dungeon (1/1)

Altars:
Ashenzari
Cheibriados
Dithmenos
Elyvilon
Fedhas
Gozag
Hepliaklqana
Kikubaaqudgha
Makhleb
Nemelex Xobeh
Okawaru
Qazlal
Ru
Sif Muna
Trog
Uskayaw
Vehumet
Wu Jian
Xom
Yredelemnul
Zin
The Shining One
Beogh
Jiyva
Lugonu


Innate Abilities, Weirdness & Mutations

You are resistant to torment.
Your stone body is resilient. (AC +11)
You are immune to poison.
Your large and strong wings let you fly indefinitely.
You resist negative energy. (rN+)
You are resistant to electric shocks. (rElec)
You can survive without breathing.
You are immune to petrification.
You are immune to rotting.


Message History

The polar bear is struck by the briar patch's thorns.
The polar bear bites the briar patch!
The briar patch is destroyed!
You block the spriggan rider's attack.
GONNNNG!
The wind drake flaps its wings at you.
The air twists around and violently strikes you in flight.
* * * LOW HITPOINT WARNING * * *
You block the spriggan rider's attack.
SHROANNG!
You open the spriggan air mage like a pillowcase!!!
You freeze the spriggan air mage!
The spriggan air mage is almost dead.
You miss the spriggan berserker. You slash the wind drake!
You freeze the wind drake.
You kill the wind drake!
Trog accepts your kill.
You slash the satyr! You freeze the satyr.
The briar patch crumbles away.
The spriggan berserker hits you with a +0 war axe!
You die...

▓.........
▓...}[))b)[=:.▓.........
▓..[|:)|)::)..▓.........
▓.............▓..▓.....▓
▓.............▓.▓.▓.))▓.
▓.....hY......▓..▓.....▓
▓....iici.....▓.....©...
▓..P..†i)i....▓▓▓▓▓▓▓▓▓▓
▓.....i@).....▓...8©8...
▓..▓...(c..▓..▓..[))|||.
▓.............▓..|).:}..
▓.............▓.........
▓......©......▓.........
▓▓▓▓▓▓▓▓▓▓▓▓▓▓▓.........
▓......... ▓..▓...▓..
▓.▓.)...▓.


You could see a dire elephant, a satyr, 2 spriggan riders, a spriggan berserker,
a faun, 2 spriggan air magi, a polar bear (berserk) and a spriggan druid.

Vanquished Creatures
  A titan (D)
  A thorn hunter (D)
  A shadow dragon (D)
  2 storm dragons (D)
  A ghoul (D)
  3 red draconians (D)
  2 purple draconians (D)
  A yellow draconian (D)
  3 black draconians (D)
  A dire elephant (D)
  2 white draconians (D)
  7 merfolk javelineers (D)
  4 spriggan air magi (D)
  An anaconda (D)
  2 merfolk aquamancers (D)
  2 two-headed ogres (D)
  2 spriggan berserkers (D)
  3 soul eaters (D)
  A phantasmal warrior (D)
  4 draconians (D)
  3 moths of wrath (D)
  A black mamba (D)
  4 ice devils (D)
  6 freezing wraiths (D)
  An ancient zyme (D)
  5 merfolk (D)
  2 hornets (D)
  A troll (D)
  4 wind drakes (D)
  A snapping turtle (D)
  A slime creature (D)
  A flying skull (D)
  7 air elementals (D)
  2 shadows (D)
  A wraith (D)
  A ynoxinul (D)
  A yak (D)
  A water elemental (D)
  A warg (D)
  An insubstantial wisp (D)
  3 water moccasins (D)
  A hell hound (D)
  5 orc warriors (D)
  An ice beast (D)
  A necrophage (D)
  An ogre (D)
  2 phantoms (D)
  A centaur (D)
  A small abomination (D)
  A crimson imp (D)
  2 jellies (D)
  4 orc wizards (D)
  A quasit (D)
  An orc priest (D)
  An iron imp (D)
  A mummy (D)
  2 adders (D)
  5 white imps (D)
  A spectral adder (D)
  4 ufetubi (D)
  2 adder zombies (D)
  3 adder skeletons (D)
  5 orcs (D)
  A spectral bat (D)
  3 bat skeletons (D)
  2 bat zombies (D)
  A ball python zombie (D)
  A giant cockroach zombie (D)
  2 jackal zombies (D)
  A quokka skeleton (D)
  A quokka zombie (D)
  A spectral jackal (D)
  3 briar patches (D)
  A butterfly (D)
155 creatures vanquished.

Vanquished Creatures (others)
  2 merfolk aquamancers (D)
  A merfolk siren (D)
  3 insubstantial wisps (D)
  5 briar patches (D)
11 creatures vanquished.

Grand Total: 166 creatures vanquished

Notes
Turn   | Place    | Note
-------+----------+-------------------------------------------
     0 | D        | Fang the Gargoyle Berserker began the quest for the Orb.
     0 | D        | Reached XP level 1. HP: 14/14 MP: 1/1
     1 | D        | Found a blossoming altar of Fedhas.
     2 | D        | Found the +6 Majin-Bo {vamp, Archmagi MP+6 Int+6}
     2 | D        | Found the +7 great mace "Firestarter" {inner flame, rF++}
     2 | D        | Found a viscous altar of Jiyva.
     2 | D        | Found a transporter.
     2 | D        | Found a hazy altar of Hepliaklqana.
     2 | D        | Found an ancient bone altar of Kikubaaqudgha.
     2 | D        | Found an opulent altar of Gozag.
     2 | D        | Found a corrupted altar of Lugonu.
    17 | D        | Found a burning altar of Makhleb.
    19 | D        | Found a stormy altar of Qazlal.
    19 | D        | Found an iron altar of Okawaru.
    19 | D        | Found a sacrificial altar of Ru.
    19 | D        | Found a sparkling altar of Nemelex Xobeh.
    19 | D        | Found a shimmering blue altar of Sif Muna.
    19 | D        | Found a bloodstained altar of Trog.
    26 | D        | Found the +9 heavy crossbow "Sniper" {velocity, Acc+∞ SInv}
    26 | D        | Found the +10 dark maul {crush}
    26 | D        | Found the +15 Maxwell's patent armour {-Cast -Tele rElec
                  | MR+ rCorr}
    26 | D        | Found the +18 shield of the Gong {rElec rN+ MR+ EV-5}
    26 | D        | Found the cursed +14 obsidian axe {chop, +Fly SInv *Curse}
    81 | D        | Entered arena 2.
    81 | D        | Noticed a merfolk
    81 | D        | Noticed a merfolk
    81 | D        | Found a transporter.
    87 | D        | Killed a merfolk
    87 | D        | Reached skill level 5 in Dodging
    87 | D        | Reached XP level 2. HP: 24/24 MP: 2/2
    87 | D        | Reached XP level 3. HP: 28/28 MP: 3/3
    87 | D        | Reached XP level 4. HP: 34/34 MP: 4/4
    87 | D        | Reached XP level 5. HP: 38/38 MP: 5/5
    91 | D        | Killed a merfolk
    91 | D        | Reached XP level 6. HP: 45/45 MP: 6/6
    91 | D        | Reached XP level 7. HP: 50/50 MP: 7/7
   156 | D        | Entered arena 3.
   156 | D        | Noticed a slime creature
   156 | D        | Found a transporter.
   159 | D        | Reached ** piety under Trog
   160 | D        | Reached skill level 1 in Shields
   165 | D        | Killed a slime creature
   199 | D        | Entered arena 4.
   199 | D        | Noticed a two-headed ogre
   199 | D        | Noticed a two-headed ogre
   199 | D        | Noticed a troll
   199 | D        | Found a transporter.
   205 | D        | Killed a two-headed ogre
   205 | D        | Reached *** piety under Trog
   205 | D        | Reached skill level 10 in Fighting
   205 | D        | Reached skill level 10 in Armour
   205 | D        | Reached skill level 5 in Shields
   205 | D        | Reached XP level 8. HP: 57/57 MP: 8/8
   206 | D        | Killed a troll
   209 | D        | Killed a two-headed ogre
   209 | D        | Reached XP level 9. HP: 64/64 MP: 9/9
   238 | D        | Got the +9 war axe of the Puffin {chop, rN++ Dex+2}
   241 | D        | Entered arena 5.
   241 | D        | Found a transporter.
   246 | D        | Reached **** piety under Trog
   255 | D        | Entered arena 6.
   255 | D        | Found a transporter.
   258 | D        | Reached ***** piety under Trog
   270 | D        | Entered arena 7.
   270 | D        | Noticed a black mamba
   271 | D        | Found the amulet of Vitality {Regen+ HP+15}
   271 | D        | Found a transporter.
   275 | D        | Killed a black mamba
   275 | D        | Reached skill level 10 in Axes
   288 | D        | Received a gift from Trog
   323 | D        | Entered arena 8.
   324 | D        | Found a transporter.
   327 | D        | Reached XP level 10. HP: 71/71 MP: 10/10
   341 | D        | Reached ****** piety under Trog
   354 | D        | Entered arena 9.
   355 | D        | Found a transporter.
   366 | D        | Received a gift from Trog
   512 | D        | Entered arena 10.
   512 | D        | Noticed a draconian
   512 | D        | Noticed a black draconian
   512 | D        | Noticed a draconian
   512 | D        | Noticed a draconian
   512 | D        | Noticed a black draconian
   512 | D        | Noticed a red draconian
   512 | D        | Noticed a draconian
   512 | D        | Noticed a purple draconian
   513 | D        | Found a transporter.
   525 | D        | Killed a red draconian
   525 | D        | Reached skill level 10 in Dodging
   525 | D        | Reached skill level 10 in Shields
   527 | D        | Killed a draconian
   527 | D        | Killed a draconian
   528 | D        | Killed a draconian
   530 | D        | Killed a black draconian
   530 | D        | Reached XP level 11. HP: 78/78 MP: 11/11
   536 | D        | Killed a black draconian
   538 | D        | Killed a draconian
   538 | D        | Received a gift from Trog
   553 | D        | Killed a purple draconian
   600 | D        | Entered arena 11.
   601 | D        | Found a transporter.
   608 | D        | Received a gift from Trog
   629 | D        | Got the ring "Ihid" {Wiz rC++ rN+}
   633 | D        | Entered arena 12.
   633 | D        | Noticed a white draconian
   633 | D        | Noticed a purple draconian
   633 | D        | Noticed a red draconian
   633 | D        | Noticed a yellow draconian
   633 | D        | Noticed a moth of wrath
   634 | D        | Noticed a moth of wrath
   634 | D        | Noticed a red draconian
   634 | D        | Noticed a white draconian
   635 | D        | Noticed a moth of wrath
   635 | D        | Noticed a black draconian
   637 | D        | Found a transporter.
   640 | D        | Killed a moth of wrath
   647 | D        | Killed a moth of wrath
   650 | D        | Killed a white draconian
   650 | D        | Received a gift from Trog
   651 | D        | Killed a red draconian
   652 | D        | Killed a purple draconian
   652 | D        | Reached XP level 12. HP: 86/86 MP: 12/12
   656 | D        | Killed a red draconian
   656 | D        | Reached skill level 15 in Fighting
   658 | D        | Killed a yellow draconian
   658 | D        | Reached skill level 15 in Armour
   661 | D        | Killed a white draconian
   661 | D        | Received a gift from Trog
   664 | D        | Killed a black draconian
   785 | D        | Entered arena 13.
   800 | D        | Received a gift from Trog
   846 | D        | Found a transporter.
   865 | D        | Entered arena 14.
   867 | D        | Identified the +4 morningstar "Jedghyfam" {protect, Int+4
                  | Dex+3}
   874 | D        | Received a gift from Trog
   880 | D        | Received a gift from Trog
   882 | D        | Found a transporter.
   918 | D        | Got the amulet "Siobb" {Reflect Fragile rElec rC+ rN+
                  | Slay+2 SH+3}
   920 | D        | Got the ring "Ceodofan" {rC+ Str+3 Dex+2}
   954 | D        | Entered arena 15.
   955 | D        | Noticed a soul eater
   955 | D        | Noticed a ghoul
   955 | D        | Noticed a soul eater
   956 | D        | Noticed a shadow dragon
   956 | D        | Noticed a soul eater
   957 | D        | Found the +3 pair of gauntlets of War {Slay+5}
   964 | D        | Received a gift from Trog
   965 | D        | Found the +12 glaive of Prune {chop}
   965 | D        | Killed a soul eater
   968 | D        | Killed a soul eater
   975 | D        | Killed a ghoul
   975 | D        | Killed a shadow dragon
   975 | D        | Received a gift from Trog
   975 | D        | Reached XP level 13. HP: 95/95 MP: 13/13
   983 | D        | Found a transporter.
   989 | D        | Got the ring "Jois" {Ice Stlth+}
  1025 | D        | Entered arena 16.
  1026 | D        | Noticed a storm dragon
  1026 | D        | Noticed a storm dragon
  1026 | D        | Noticed a titan
  1028 | D        | Found a transporter.
  1034 | D        | Received a gift from Trog
  1035 | D        | Killed a storm dragon
  1039 | D        | Received a gift from Trog
  1040 | D        | Killed a storm dragon
  1040 | D        | Reached skill level 15 in Shields
  1040 | D        | Killed a titan
  1043 | D        | Received a gift from Trog
  1165 | D        | Entered arena 17.
  1171 | D        | Found a transporter.
  1182 | D        | Received a gift from Trog
  1189 | D        | Received a gift from Trog
  1215 | D        | Got the ring of Amorality {Wiz rC- rN++ Int+4 SInv}
  1374 | D        | Reached skill level 15 in Axes
  1374 | D        | Gained mutation: Your large and strong wings let you fly
                  | indefinitely. [Gargoyle growth]
  1374 | D        | Reached XP level 14. HP: 102/102 MP: 14/14
  1382 | D        | Entered arena 18.
  1386 | D        | Identified the +10 falchion of Makhleb's Reproof
                  | {antimagic, rC+ SInv}
  1391 | D        | Found a transporter.
  1397 | D        | Received a gift from Trog
  1403 | D        | Received a gift from Trog
  1542 | D        | Entered arena 19.
  1545 | D        | Noticed a thorn hunter
  1545 | D        | Noticed a dire elephant
  1545 | D        | Noticed a dire elephant
  1560 | D        | Killed a thorn hunter
  1560 | D        | Received a gift from Trog
  1560 | D        | Reached XP level 15. HP: 45/109 MP: 6/15
  1562 | D        | HP: 8/186 [spriggan air mage/the air (38)]
  1565 | D        | Slain by a spriggan berserker

Levels and vault maps discovered:
D:        sprint_v [room_start, room_1, room_2, room_3, room_4, room_5, room_6,
          room_7, room_8, room_9, room_10, room_11, room_12, room_13, room_14,
          room_15, room_16, room_17, room_18, room_19, room_20, room_21,
          room_22, room_23, room_24, room_25, room_26, room_27]

Skill      XL: |  1  2  3  4  5  6  7  8  9 10 11 12 13 14 |
---------------+-------------------------------------------+-----
Fighting       | 7 8 10 11 13 14 16 17 18 | 18.7
Axes           | 6 7 8 9 10 11 12 14 15 16 | 16.1
Armour         | 6 8 10 11 13 14 16 17 18 | 18.5
Dodging        | 5 6 7 8 9 10 11 13 14 | 14.8
Shields        | 5 7 8 10 12 14 15 17 | 17.2

Action                   |  1- 3 |  4- 6 |  7- 9 | 10-12 | 13-15 || total
-------------------------+-------+-------+-------+-------+-------++-------
Melee: Broad axe         |     4 |     4 |    45 |   152 |    71 ||   276
Invok: Berserk           |     1 |       |     1 |     6 |     4 ||    12
       Trog's Hand       |       |       |       |     1 |     2 ||     3
 Abil: Fly               |       |       |       |       |     1 ||     1
  Use: Scroll            |       |       |       |     1 |     1 ||     2
       Potion            |       |       |       |       |     1 ||     1
  Eat: Chunk             |       |       |       |     7 |     3 ||    10
       Ration            |       |       |       |       |     1 ||     1
Armor: Plate armour      |     1 |       |    32 |    62 |    53 ||   148
Dodge: Dodged            |       |       |     7 |    33 |    24 ||    64
Block: Shield            |     6 |     3 |    79 |   263 |   147 ||   498
